 Dungeon Crawl Stone Soup version 0.27-a0-1184-ge86db4a01e (webtiles) character file.

Game seed: 8182568806596444687

58382 lunkers the Thaumaturge (level 14, -7/108 HPs)
             Began as a Gnoll Earth Elementalist on May 17, 2021.
             Was the Champion of Cheibriados.
             Mangled by Donald
             ... wielding a +2 demon trident of electrocution
              (31 damage)
             ... on level 2 of the Orcish Mines on May 19, 2021.
             The game lasted 01:12:56 (27220 turns).

lunkers the Thaumaturge (Gnoll Earth Elementalist) Turns: 27220, Time: 01:12:57

Health: -7/108     AC: 12    Str: 23    XL:     14   Next: 90%
Magic:  20/28      EV: 25    Int: 34    God:    Cheibriados [******]
Gold:   1595       SH: 11    Dex: 34    Spells: 4/34 levels left

rFire    + + .     SeeInvis .   m - +8 autumn katana {vorpal, Clar}
rCold    . . .     Faith    .   P - +2 buckler
rNeg     + . .     Spirit   .   V - +0 troll leather armour
rPois    .         Reflect  .   Q - +0 helmet "Duacagybb" {rN+ Slay+3}
rElec    .         Harm     .   N - scarf {repulsion}
rCorr    .         Rampage  .   c - +0 pair of gloves
Will     ++...     Clarity  +   (no boots)
Stlth    +++++.....             W - amulet of magic regeneration
HPRegen  1.28/turn              p - ring of Wiofex {Fly rF+ Dex+6}
MPRegen  0.46/turn              a - ring of the Shrike {rF+ Will+ AC+4}

@: flying, repel missiles, very slow
A: fangs 1, strong nose, distributed training
a: Renounce Religion, Bend Time, Temporal Distortion, Slouch, Step From Time


You were on level 2 of the Orcish Mines.
You worshipped Cheibriados.
Cheibriados was exalted by your worship.
You visited 4 branches of the dungeon, and saw 20 of its levels.
You also visited: Ossuary.

You collected 2411 gold pieces.
You spent 816 gold pieces at shops.

Inventory:

Hand Weapons
 m - the +8 autumn katana (weapon) {vorpal, Clar}
   (You acquired it on level 5 of the Lair of Beasts)

   It inflicts extra damage upon your enemies.
   It protects you against confusion.
Missiles
 g - 5 boomerangs of dispersal
 l - 6 throwing nets
 C - 208 stones
 S - 8 curare-tipped darts
Armour
 c - a +0 pair of gloves (worn)
 M - +0 acid dragon scales
 N - a scarf of repulsion (worn)
 P - a +2 buckler (worn)
 Q - the +0 helmet "Duacagybb" (worn) {rN+ Slay+3}
   (You bought it in a shop on level 9 of the Dungeon)

   It affects your accuracy and damage with ranged weapons and melee attacks
   (+3).
   It protects you from negative energy.
 V - a +0 troll leather armour (worn)
Jewellery
 a - the ring of the Shrike (right hand) {rF+ Will+ AC+4}
   (You found it on level 5 of the Lair of Beasts)

   [ring of protection]

   It affects your AC (+4).
   It protects you from fire.
   It increases your willpower.
 o - a ring of wizardry
 p - the ring of Wiofex (left hand) {Fly rF+ Dex+6}
   (You found it on level 6 of the Dungeon)

   [ring of dexterity]

   It affects your dexterity (+6).
   It protects you from fire.
   It grants you flight.
 w - a ring of willpower
 J - a ring of poison resistance
 K - a ring of resist corrosion
 U - an amulet of regeneration
 W - an amulet of magic regeneration (around neck)
Wands
 j - a wand of paralysis (17)
 u - a wand of iceblast (21)
 y - a wand of polymorph (11)
 D - a wand of mindburst (22)
 L - a wand of acid (13)
 R - a wand of digging (5)
Scrolls
 b - 2 scrolls of silence
 e - 2 scrolls of summoning
 f - 4 scrolls of fog
 h - 5 scrolls of blinking
 n - 8 scrolls of enchant weapon
 r - 10 scrolls of teleportation
 t - 3 scrolls of vulnerability
 A - 4 scrolls of identify
 B - 4 scrolls of enchant armour
 E - a scroll of fear
 F - 5 scrolls of amnesia
 H - 3 scrolls of magic mapping
Potions
 d - 4 potions of ambrosia
 i - 6 potions of heal wounds
 k - 8 potions of curing
 q - 5 potions of attraction
 s - 5 potions of magic
 v - 5 potions of mutation
 x - 6 potions of flight
 z - 8 potions of lignification
 I - 2 potions of invisibility
 T - 2 potions of might
Miscellaneous
 G - a condenser vane
 X - a phantom mirror


   Skills:
 + Level 9.6 Fighting
 + Level 9.6 Short Blades
 + Level 9.6 Long Blades
 + Level 9.6 Axes
 + Level 9.6 Maces & Flails
 + Level 9.6 Polearms
 + Level 9.6 Staves
 + Level 9.6 Slings
 + Level 9.6 Bows
 + Level 9.6 Crossbows
 + Level 9.6 Throwing
 + Level 9.6 Armour
 + Level 10.6 Dodging
 + Level 10.4 Stealth
 + Level 9.6 Shields
 + Level 9.6 Unarmed Combat
 + Level 10.7 Spellcasting
 + Level 8.0 Conjurations
 + Level 8.0 Hexes
 + Level 8.0 Summonings
 + Level 8.0 Necromancy
 + Level 8.0 Translocations
 + Level 8.3 Transmutations
 + Level 8.0 Fire Magic
 + Level 8.0 Ice Magic
 + Level 8.0 Air Magic
 + Level 9.7 Earth Magic
 + Level 8.0 Poison Magic
 + Level 10.4 Invocations
 + Level 9.6 Evocations


You had 4 spell levels left.
You knew the following spells:

 Your Spells              Type           Power      Damage    Failure   Level
a - Stone Arrow           Conj/Erth      100%       3d13      1%          3
b - Passwall              Tmut/Erth      56%        N/A       1%          2
c - Sandblast             Erth           100%       2d20      1%          1
d - Petrify               Tmut/Erth      68%        N/A       1%          4
e - Lee's Rapid Deconstr  Erth           35%        3d19*     1%          5
f - Dispel Undead         Necr           65%        3d22      1%          4
g - Borgnjor's Vile Clut  Necr/Erth      34%        N/A       1%          5
h - Shadow Creatures      Summ           N/A        N/A       16%         6

Your spell library contained the following spells:

 Spells                   Type           Power      Damage    Failure   Level
 Animate Skeleton         Necr           100%       N/A       1%          1
 Apportation              Tloc           100%       N/A       1%          1
 Beastly Appendage        Tmut           100%       N/A       1%          1
 Corona                   Hex            72%        N/A       1%          1
 Magic Dart               Conj           100%       1d8       1%          1
 Summon Small Mammal      Summ           100%       N/A       1%          1
 Corpse Rot               Necr/Air       N/A        N/A       1%          2
 Ensorcelled Hibernation  Hex/Ice        100%       N/A       1%          2
 Searing Ray              Conj           100%       3d7       1%          2
 Sublimation of Blood     Necr           32%        N/A       1%          2
 Wereblood                Tmut           66%        N/A       1%          2
 Dazzling Flash           Conj/Hex       100%       N/A       1%          3
 Spider Form              Tmut/Pois      32%        N/A       1%          3
 Animate Armour           Summ/Erth      100%       N/A       1%          4
 Fulminant Prism          Conj/Hex       32%        3d16      1%          4
 Ice Form                 Ice/Tmut       65%        N/A       1%          4
 Iskenderun's Mystic Bla  Conj/Tloc      65%        2d13      1%          4
 Agony                    Necr           65%        N/A       2%          5
 Excruciating Wounds      Necr           32%        N/A       2%          5
 Hydra Form               Tmut           33%        N/A       2%          5
 Silence                  Hex/Air        32%        N/A       2%          5


Dungeon Overview and Level Annotations

Branches:
Dungeon (11/15)            Temple (1/1) D:6            Lair (6/6) D:9
 Shoals (0/4) Lair:3        Snake (0/4) Lair:4        Slime (0/5) Lair:6
    Orc (2/2) D:10            Elf (0/3) Orc:2       Ossuary (visited)

Altars:
Ashenzari
Cheibriados
Dithmenos
Elyvilon
Fedhas
Gozag
Hepliaklqana
Kikubaaqudgha
Makhleb
Nemelex Xobeh
Okawaru
Qazlal
Ru
Sif Muna
Trog
Uskayaw
Vehumet
Wu Jian
Xom
Yredelemnul
Zin
The Shining One
Jiyva

Shops:
D:6 !   D:9 [   D:10 ?   Orc:2 [!(*

Annotations:
D:5 1 runed translucent door, ardl's ghost, novice MiEn
Orc:2 Donald


Innate Abilities, Weirdness & Mutations

You have very sharp teeth.
Your uncanny sense of smell can sniff out nearby items.
Your experience applies equally to all skills.


Message History

Donald says, "Quick, run away!"
Casting: Borgnjor's Vile Clutch (dangerous; 1% risk of failure)
Confirm with . or Enter, or press ? or * to list all spells.
Aiming: Borgnjor's Vile Clutch (dangerous; 1% risk of failure)
Press: ? - help, Shift-Dir - straight line, f - orc, p - Donald
Aim: an orc, wielding a +0 flail (100% to hit)
Zombie hands grab Donald.
Zombie hands grab the orc.
The zombie hands constrict Donald.
The zombie hands constrict the orc.
You kill the orc!
Cheibriados thoroughly appreciates the change of pace.
Donald says, "Am I talking too fast for you?"
Donald hits you from afar with a +2 demon trident of electrocution!!
You are electrocuted!
Donald misses you.
An orc priest comes into view. It is wielding a +0 falchion.
Unknown command.
Unknown command.
The zombie hands constrict Donald!!
Donald struggles to escape constriction.
Donald says, "I can never work out what any of these scrolls mean."
Donald struggles to escape constriction. x2
An orc warrior comes into view. It is wielding a +0 glaive.
The zombie hands constrict Donald!
Donald winces.
Donald struggles to escape constriction. x2
Donald escapes!
The orc priest mumbles some strange prayers to Beogh against you.
Beogh smites you!
Casting: Borgnjor's Vile Clutch (dangerous; 1% risk of failure)
Confirm with . or Enter, or press ? or * to list all spells.
Aiming: Borgnjor's Vile Clutch (dangerous; 1% risk of failure)
Press: ? - help, Shift-Dir - straight line, f - Donald
Aim: Donald, wielding a +2 demon trident of electrocution, wearing a +1 plate armour of poison resistance and wearing a +0 kite shield of reflection (almost dead, fast, strong, 100% to hit)
Zombie hands grab Donald.
The zombie hands constrict Donald, but do no damage.
Donald hits you from afar with a +2 demon trident of electrocution!!
* * * LOW HITPOINT WARNING * * *
You are electrocuted!
* * * LOW HITPOINT WARNING * * *
Donald hits you from afar with a +2 demon trident of electrocution!!
You die...

......................#
.............#....#........
...#..................#....
.....................####.#
.#.........#..........# ###
....... #.............##
.o.)...##.....#........#
##.o.............##.##
#.....@.@........####
#....##.###<......# ##...
### ###.##.## #.... ###...#
##... ##.## ###. ### ##


You could see Donald (fast, strong, clutched) and an orc priest.

Vanquished Creatures
  Kirke (Lair:6)
  An orc warlord (Orc:2)
  Josephine (Lair:6)
  A fire dragon (Lair:6)
  Harold (Lair:1)
  The ghost of CougarLife the Cleaver, a journeyman HOFi of Beogh (D:10)
  10 hydras
  Erolcha (D:9)
  A two-headed ogre (D:11)
  3 orc high priests (Orc:2)
  Nergalle (Lair:1)
  A fire crab (Lair:6)
  4 orc knights (Orc:2)
  5 orc sorcerers
  An oklob plant (Lair:6)
  3 slime creatures (D:10)
  A merfolk siren (Lair:3)
  2 elephants (Lair:2)
  2 black mambas
  2 molten gargoyles (Lair:6)
  Maggie (D:7)
  7 cane toads
  A kobold demonologist (D:8)
  A nameless horror (Lair:6)
  2 rime drakes (Lair:3)
  9 komodo dragons
  12 polar bears
  3 trolls
  19 blink frogs
  7 dream sheep (Lair:2)
  A meliai zombie (D:10)
  A centaur simulacrum (D:11)
  4 wraiths
  5 wyverns
  39 yaks
  6 basilisks
  7 hogs
  A warg (Orc:2)
  A steam dragon (Lair:2)
  Menkaure (D:4)
  Edmund (D:5)
  12 water moccasins
  2 acid dragons (D:9)
  3 nagas (Lair:4)
  3 hell hounds (Lair:6)
  A sky beast (D:7)
  16 orc warriors
  An ice beast (D:4)
  6 black bears (Lair:1)
  A necrophage (D:7)
  3 ogres
  5 wolves (Lair:2)
  4 centaurs
  2 phantoms
  2 kobold brigands
  An elf zombie (D:6)
  13 scorpions
  14 bullfrogs
  2 elf skeletons (D:6)
  2 gnoll sergeants
  A water moccasin skeleton (D:7)
  A wyvern skeleton (D:5)
  10 killer bees (D:8)
  8 wights
  3 howler monkeys (D:9)
  7 electric eels
  11 centaur zombies
  5 lava snakes (Lair:6)
  2 bullfrog zombies
  2 hounds
  5 jellies
  21 orc priests
  A centaur skeleton (D:6)
  A human skeleton (D:6)
  18 orc wizards
  4 iguanas
  3 scorpion zombies (Ossuary)
  11 hell rats
  A hound zombie (D:5)
  3 hound skeletons (D:4)
  3 mummies (Ossuary)
  2 howler monkey zombies
  A howler monkey skeleton (D:6)
  7 adders
  11 gnolls
  2 river rats (Lair:2)
  A shadow imp (D:6)
  A white imp (D:7)
  3 worms
  4 dart slugs
  59 orcs
  10 bats
  7 endoplasms
  4 giant cockroaches
  2 gnoll zombies (Ossuary)
  9 hobgoblins
  4 jackals (D:5)
  5 quokkas
  9 ball pythons
  3 frilled lizards (D:1)
  5 goblins
  3 goblin zombies (Ossuary)
  3 hobgoblin zombies (Ossuary)
  19 kobolds
  2 orc skeletons (D:6)
  2 orc zombies (Ossuary)
  6 rats
570 creatures vanquished.

Vanquished Creatures (collateral kills)
  Snorg (Lair:6)
1 creature vanquished.

Vanquished Creatures (others)
  An orc wizard (Orc:2)
  34 fungi
  28 plants
63 creatures vanquished.

Grand Total: 634 creatures vanquished

Notes
Turn   | Place    | Note
-------+----------+-------------------------------------------
     0 | D:1      | lunkers the Gnoll Earth Elementalist began the quest for
                  | the Orb.
     0 | D:1      | Reached XP level 1. HP: 13/13 MP: 6/6
   164 | D:1      | Reached XP level 2. HP: 19/19 MP: 4/7
   448 | D:1      | Reached XP level 3. HP: 25/25 MP: 5/9
   543 | D:1      | Reached skill level 5 in Spellcasting
   581 | D:1      | Learned a level 2 spell: Passwall
   585 | D:1      | Learned a level 3 spell: Stone Arrow
  1072 | D:1      | Found a faded altar of an unknown god.
  1880 | D:2      | Reached skill level 1 in Invocations
  2147 | D:2      | Reached skill level 1 in Fighting
  2147 | D:2      | Reached skill level 1 in Short Blades
  2147 | D:2      | Reached skill level 1 in Long Blades
  2147 | D:2      | Reached skill level 1 in Axes
  2147 | D:2      | Reached skill level 1 in Maces & Flails
  2147 | D:2      | Reached skill level 1 in Polearms
  2147 | D:2      | Reached skill level 1 in Staves
  2147 | D:2      | Reached skill level 1 in Slings
  2147 | D:2      | Reached skill level 1 in Bows
  2147 | D:2      | Reached skill level 1 in Crossbows
  2147 | D:2      | Reached skill level 1 in Throwing
  2147 | D:2      | Reached skill level 1 in Armour
  2147 | D:2      | Reached skill level 1 in Shields
  2147 | D:2      | Reached skill level 1 in Unarmed Combat
  2147 | D:2      | Reached skill level 1 in Evocations
  2254 | D:2      | Reached XP level 4. HP: 30/32 MP: 9/11
  3832 | D:3      | Reached skill level 1 in Conjurations
  3832 | D:3      | Reached skill level 1 in Hexes
  3832 | D:3      | Reached skill level 1 in Summonings
  3832 | D:3      | Reached skill level 1 in Necromancy
  3832 | D:3      | Reached skill level 1 in Translocations
  3832 | D:3      | Reached skill level 1 in Fire Magic
  3832 | D:3      | Reached skill level 1 in Ice Magic
  3832 | D:3      | Reached skill level 1 in Air Magic
  3832 | D:3      | Reached skill level 1 in Poison Magic
  4072 | D:4      | Noticed Menkaure
  4079 | D:4      | Killed Menkaure
  4080 | D:4      | Reached XP level 5. HP: 38/38 MP: 8/12
  4201 | D:4      | Reached XP level 6. HP: 44/44 MP: 6/13
  5083 | D:4      | Reached skill level 5 in Dodging
  5417 | D:5      | Entered Level 5 of the Dungeon
  5417 | D:5      | Found a runed translucent door.
  5417 | D:5      | Noticed ardl's ghost (novice MiEn)
  5485 | D:5      | Noticed an ice beast
  5515 | D:4      | Killed an ice beast
  5516 | D:4      | Reached XP level 7. HP: 23/50 MP: 0/15
  6164 | D:5      | Reached skill level 5 in Stealth
  6247 | D:5      | Found a white marble altar of Elyvilon.
  6247 | D:5      | Found a hide-covered altar of Uskayaw.
  6248 | D:5      | Found a hazy altar of Hepliaklqana.
  6293 | D:5      | Found an ancient bone altar of Kikubaaqudgha.
  6379 | D:5      | Reached XP level 8. HP: 33/57 MP: 0/16
  7155 | D:5      | Found a stormy altar of Qazlal.
  7157 | D:5      | Noticed an air elemental
  7157 | D:5      | Noticed a water elemental
  7420 | D:6      | Found a sand-covered staircase.
  7465 | Ossuary  | Entered an ossuary
  8249 | Ossuary  | Reached XP level 9. HP: 63/65 MP: 14/18
  8858 | D:6      | Found Dameruica's Distillery.
  8937 | D:6      | Noticed Edmund
  9123 | D:5      | Killed Edmund
  9510 | D:6      | Found a staircase to the Ecumenical Temple.
  9576 | Temple   | Entered the Ecumenical Temple
  9649 | Temple   | Became a worshipper of Cheibriados the Contemplative
 10245 | D:6      | Identified the ring of Wiofex {Fly rF+ Dex+6}
 10678 | D:7      | Reached skill level 5 in Invocations
 10786 | D:7      | Noticed Maggie
 10793 | D:7      | Killed Maggie
 10936 | D:7      | Found a sparkling altar of Nemelex Xobeh.
 10936 | D:7      | Found a sacrificial altar of Ru.
 11247 | D:7      | Reached XP level 10. HP: 73/73 MP: 16/20
 11308 | D:7      | Found an ornate altar of the Wu Jian Council.
 11319 | D:7      | Found an opulent altar of Gozag.
 11541 | D:7      | Reached * piety under Cheibriados
 11910 | D:8      | Noticed a kobold demonologist
 11913 | D:8      | Noticed a smoke demon
 12233 | D:8      | Killed a kobold demonologist
 12234 | D:8      | Reached skill level 5 in Fighting
 12234 | D:8      | Reached skill level 5 in Short Blades
 12234 | D:8      | Reached skill level 5 in Long Blades
 12234 | D:8      | Reached skill level 5 in Axes
 12234 | D:8      | Reached skill level 5 in Maces & Flails
 12234 | D:8      | Reached skill level 5 in Polearms
 12234 | D:8      | Reached skill level 5 in Staves
 12234 | D:8      | Reached skill level 5 in Slings
 12234 | D:8      | Reached skill level 5 in Bows
 12234 | D:8      | Reached skill level 5 in Crossbows
 12234 | D:8      | Reached skill level 5 in Throwing
 12234 | D:8      | Reached skill level 5 in Armour
 12234 | D:8      | Reached skill level 5 in Shields
 12234 | D:8      | Reached skill level 5 in Unarmed Combat
 12234 | D:8      | Reached skill level 5 in Evocations
 12239 | D:8      | Learned a level 4 spell: Petrify
 12245 | D:8      | Learned a level 5 spell: Lee's Rapid Deconstruction
 12707 | D:8      | Reached ** piety under Cheibriados
 13102 | D:8      | Reached skill level 5 in Transmutations
 13737 | D:9      | Reached *** piety under Cheibriados
 14518 | D:9      | Reached XP level 11. HP: 81/81 MP: 18/22
 14542 | D:9      | Found a staircase to the Lair.
 15038 | D:9      | Found Wair Qyc's Antique Armour Boutique.
 15048 | D:9      | Bought a fine helmet for 237 gold pieces
 15048 | D:9      | Identified the +0 helmet "Duacagybb" {rN+ Slay+3} (You
                  | bought it in a shop on level 9 of the Dungeon)
 15188 | D:9      | Reached **** piety under Cheibriados
 15438 | D:9      | Noticed Erolcha
 15442 | D:9      | Killed Erolcha
 15443 | D:9      | Reached skill level 5 in Conjurations
 15443 | D:9      | Reached skill level 5 in Hexes
 15443 | D:9      | Reached skill level 5 in Summonings
 15443 | D:9      | Reached skill level 5 in Necromancy
 15443 | D:9      | Reached skill level 5 in Translocations
 15443 | D:9      | Reached skill level 5 in Fire Magic
 15443 | D:9      | Reached skill level 5 in Ice Magic
 15443 | D:9      | Reached skill level 5 in Air Magic
 15443 | D:9      | Reached skill level 5 in Poison Magic
 15915 | D:10     | Entered Level 10 of the Dungeon
 15915 | D:10     | Found a staircase to the Orcish Mines.
 15987 | D:10     | Found Hoteg's Magic Scroll Boutique.
 16876 | D:10     | Found a runed translucent gate.
 16876 | D:10     | Found a runed translucent gate.
 16876 | D:10     | Found a runed translucent gate.
 16877 | D:10     | Noticed CougarLife's ghost (journeyman HOFi)
 16879 | D:10     | Found a viscous altar of Jiyva.
 17093 | D:11     | Reached ***** piety under Cheibriados
 17417 | D:11     | Noticed a two-headed ogre
 17421 | D:11     | Killed a two-headed ogre
 17759 | D:11     | Upgraded the game from 0.27-a0-1181-g5f64966fcc to
                  | 0.27-a0-1184-ge86db4a01e
 18273 | Lair:1   | Entered Level 1 of the Lair of Beasts
 18346 | Lair:1   | You are sucked into a shaft and drop 1 floor!
 18662 | Lair:1   | Noticed Harold
 18677 | Lair:1   | Killed Harold
 18678 | Lair:1   | Reached XP level 12. HP: 89/89 MP: 8/24
 19131 | Lair:1   | Noticed Nergalle
 19162 | Lair:1   | Killed Nergalle
 20530 | Lair:2   | Noticed a five-headed hydra
 20536 | Lair:2   | Killed a five-headed hydra
 20726 | Lair:2   | Reached ****** piety under Cheibriados
 20902 | Lair:2   | Reached XP level 13. HP: 98/98 MP: 16/26
 21258 | Lair:3   | Found a glowing golden altar of the Shining One.
 21579 | Lair:3   | Found a staircase to the Shoals.
 22298 | Lair:3   | Learned a level 4 spell: Dispel Undead
 22637 | Lair:4   | Found a staircase to the Snake Pit.
 23503 | Lair:5   | Identified the ring of the Shrike {rF+ Will+ AC+4}
 23521 | Lair:5   | Identified 2 scrolls of acquirement
 23539 | Lair:5   | Acquired the +8 autumn katana {vorpal, Clar}
 23540 | Lair:5   | Found the +8 autumn katana {vorpal, Clar}
 23542 | Lair:5   | Acquired 991 gold pieces
 24261 | Lair:6   | Entered Level 6 of the Lair of Beasts
 24261 | Lair:6   | Noticed Kirke
 24268 | Lair:6   | Reached skill level 10 in Spellcasting
 24310 | Lair:6   | Killed Kirke
 24376 | Lair:6   | Found a runed translucent door.
 24390 | Lair:6   | Found a viscous altar of Jiyva.
 24391 | Lair:6   | Found a staircase to the Slime Pits.
 24528 | Lair:6   | Reached XP level 14. HP: 106/106 MP: 28/28
 24562 | Lair:6   | Reached skill level 10 in Dodging
 24752 | Lair:6   | Noticed Snorg
 24753 | Lair:6   | Found a large runed translucent door.
 24754 | Lair:6   | Found a large runed translucent door.
 24915 | Lair:6   | Reached skill level 10 in Stealth
 25314 | Lair:6   | Noticed Josephine
 25325 | Lair:6   | Killed Josephine
 25331 | Lair:6   | Reached skill level 10 in Invocations
 25743 | Lair:6   | Learned a level 5 spell: Borgnjor's Vile Clutch
 25750 | Lair:6   | Learned a level 6 spell: Shadow Creatures
 25763 | Lair:6   | Killed Snorg
 26146 | D:10     | Killed CougarLife's ghost
 26281 | Orc:1    | Entered Level 1 of the Orcish Mines
 26478 | Orc:2    | Entered Level 2 of the Orcish Mines
 26549 | Orc:2    | Found a staircase to the Elven Halls.
 26568 | Orc:2    | Noticed an orc warlord
 26642 | Orc:2    | Killed an orc warlord
 26996 | Orc:2    | Found Naf Polo's General Store.
 26996 | Orc:2    | Found Dephai's Antique Armour Shoppe.
 26998 | Orc:2    | Found Arpheutu's Weapon Boutique.
 26998 | Orc:2    | Found Mic Fil's Distillery.
 27013 | Orc:2    | Bought a crude robe for 193 gold pieces
 27013 | Orc:2    | Identified the +1 robe of Pragmatism {Rampage Dex+5} (You
                  | bought it in a shop on level 2 of the Orcish Mines)
 27014 | Orc:2    | Bought a fabulously ornate robe for 193 gold pieces
 27014 | Orc:2    | Identified the +1 robe of Zodaim {Int+2} (You bought it in
                  | a shop on level 2 of the Orcish Mines)
 27015 | Orc:2    | Bought a transparent robe for 193 gold pieces
 27015 | Orc:2    | Identified the +0 robe "Erghenk" {+Inv} (You bought it in a
                  | shop on level 2 of the Orcish Mines)
 27206 | Orc:2    | Noticed Donald
 27220 | Orc:2    | Mangled by Donald

Illustrated notes

Levels and vault maps discovered:
D:1:      zelgadis_glass_arrival_large, layout_basic,
          chequers_ecumenical_altar_grove
D:2:      layout_basic, moated_statue, kennysheep_generic_room_9
D:3:      layout_loops_corners, gup_sewer_entry_bowl
D:4:      layout_cave_pods, uniq_menkaure
D:5:      layout_rooms, nicolae_qazlal_style_of_elements,
          nicolae_overflow_quartered_altars, hellmonk_ghost_happy_afterlife,
          chequers_serial_rivers_micro_e, minivault_23, minmay_misc_feat_five
D:6:      layout_gridville, minmay_temple_entry_grid,
          nicolae_ossuary_entry_catacombs, serial_shops, nicolae_shop_trees,
          grunt_decor_fettered, minmay_fountain_box, minivault_10, uniq_edmund
D:7:      layout_gridville, kennysheep_mini, grunt_temple_overflow_open,
          kennysheep_mini_moat, uniq_maggie
D:8:      layout_loops_ring
D:9:      layout_roguey, lair_entry_dummy, serial_co_window_serial,
          co_window_paths_b, co_window_of_opportunity_a, co_window_corner_a,
          co_window_paths_a, co_window_corner_a, co_window_paths_a,
          co_window_2corner, co_window_unsneaky_path_a, co_window_2corner,
          co_window_broadway_a, co_window_paths_c, co_window_4corner_a,
          co_window_paths_e, glass_columns_b, glass_columns_a, glass_columns_a,
          glass_columns_a, serial_shops, nicolae_shop_overgrown_old_shop,
          uniq_erolcha
D:10:     layout_basic, orc_0_dummy, gammafunk_ghost_ooze, serial_shops, shop
D:11:     layout_gridville
Temple:   cyrus_circular_temple
Lair:1:   beast_lair_carwin_large_4, layout_chaotic_city, uniq_nergalle,
          uniq_harold
Lair:2:   layout_roguey, eino_small_chamber_without_monster, pond
Lair:3:   layout_small_grid, minmay_shoals_entry_lonely_mermaid, basic_altar
Lair:4:   layout_cave_pods, minmay_snake_entry_guardpost_small,
          grunt_megastairs_5, infiniplex_staircase_pool, serial_bayou_shore_b
Lair:5:   layout_cave_pods, lemuel_fruit_fields
Lair:6:   cheibrodos_lair_end_hotspot, layout_cellular_growth, slime_altar_2,
          uniq_kirke, uniq_snorg, uniq_josephine
Orc:1:    layout_caves, ebering_ghost_xom, mines2_david, uniq_urug
Orc:2:    grunt_orc_tribal_feast, layout_caves, serial_shops,
          nicolae_shop_crystal, uniq_donald

Skill      XL: |  1  2  3  4  5  6  7  8  9 10 11 12 13 14 |
---------------+-------------------------------------------+-----
Transmutations | 2 3 4 5 6 7 8 |  8.3
Spellcasting   | 5 6 7 8 9 10 | 10.7
Invocations    | 1 2 3 4 5 6 7 8 9 10 | 10.4
Fighting       | 1 2 3 4 5 6 7 8 9 |  9.6
Short Blades   | 1 2 3 4 5 6 7 8 9 |  9.6
Long Blades    | 1 2 3 4 5 6 7 8 9 |  9.6
Axes           | 1 2 3 4 5 6 7 8 9 |  9.6
Maces & Flails | 1 2 3 4 5 6 7 8 9 |  9.6
Polearms       | 1 2 3 4 5 6 7 8 9 |  9.6
Staves         | 1 2 3 4 5 6 7 8 9 |  9.6
Slings         | 1 2 3 4 5 6 7 8 9 |  9.6
Bows           | 1 2 3 4 5 6 7 8 9 |  9.6
Crossbows      | 1 2 3 4 5 6 7 8 9 |  9.6
Throwing       | 1 2 3 4 5 6 7 8 9 |  9.6
Armour         | 1 2 3 4 5 6 7 8 9 |  9.6
Shields        | 1 2 3 4 5 6 7 8 9 |  9.6
Unarmed Combat | 1 2 3 4 5 6 7 8 9 |  9.6
Evocations     | 1 2 3 4 5 6 7 8 9 |  9.6
Conjurations   | 1 2 3 4 5 6 7 8 |  8.0
Hexes          | 1 2 3 4 5 6 7 8 |  8.0
Summonings     | 1 2 3 4 5 6 7 8 |  8.0
Necromancy     | 1 2 3 4 5 6 7 8 |  8.0
Translocations | 1 2 3 4 5 6 7 8 |  8.0
Fire Magic     | 1 2 3 4 5 6 7 8 |  8.0
Ice Magic      | 1 2 3 4 5 6 7 8 |  8.0
Air Magic      | 1 2 3 4 5 6 7 8 |  8.0
Poison Magic   | 1 2 3 4 5 6 7 8 |  8.0
Dodging        | 5 6 7 8 9 10 | 10.6
Stealth        | 5 6 7 8 9 10 | 10.4
Earth Magic    | 6 7 8 9 |  9.7

Action                   |  1- 3 |  4- 6 |  7- 9 | 10-12 | 13-15 || total
-------------------------+-------+-------+-------+-------+-------++-------
Melee: Short sword       |    80 |    43 |       |       |       ||   123
       Bite              |     5 |     5 |     4 |    34 |    30 ||    78
       Staff             |       |       |    43 |   178 |    25 ||   246
       Punch             |       |       |     2 |     2 |       ||     4
       Katana            |       |       |       |       |   107 ||   107
 Cast: Sandblast         |    35 |    27 |     7 |    21 |    24 ||   114
       Stone Arrow       |     2 |    32 |   150 |   277 |   268 ||   729
       Lee's Rapid Decon |       |       |       |     9 |    11 ||    20
       Borgnjor's Vile C |       |       |       |       |    14 ||    14
       Shadow Creatures  |       |       |       |       |     2 ||     2
       Petrify           |       |       |       |       |     1 ||     1
Evoke: Wand              |       |       |    11 |    14 |    13 ||    38
       Phantom mirror    |       |       |       |       |     1 ||     1
  Use: Scroll            |       |       |    10 |     2 |    21 ||    33
 Stab: Sleeping          |     3 |     5 |       |     2 |       ||    10
       Paralysed         |       |       |       |     3 |       ||     3
Armor: Robe              |    15 |     9 |    25 |    11 |       ||    60
       Troll leather arm |       |       |       |    33 |    34 ||    67
Dodge: Dodged            |    72 |    31 |    80 |   255 |   250 ||   688
       Repelled          |       |       |       |     1 |     4 ||     5
Block: Buckler           |       |       |       |   137 |   159 ||   296
       Rpst.: Katana     |       |       |       |       |    35 ||    35

Table legend: (Time is in decaauts)
 A = Elapsed time spent in this place.
 B = Non-inter-level travel time spent in this place.
 C = Inter-level travel time spent in this place.
 D = Time resting spent in this place.
 E = Time spent auto-exploring this place.
 F = Levels seen in this place.
 G = Mean time per level.
                   A        B        C        D        E       F      G
               +--------+--------+--------+--------+--------+-----+--------+
         Total |  35047 |  33476 |   1571 |   1785 |  26285 |  21 | 1668.9 |
       Dungeon |  19728 |  18742 |    986 |   1262 |  14960 |  11 | 1793.5 |
        Temple |     82 |     82 |      0 |      0 |      0 |   1 |   82.0 |
          Lair |  12328 |  11796 |    532 |    240 |   9700 |   6 | 2054.7 |
  Orcish Mines |   1614 |   1562 |     52 |     30 |    875 |   2 |  807.0 |
       Ossuary |   1294 |   1294 |      0 |    253 |    750 |   1 | 1294.0 |
               +--------+--------+--------+--------+--------+-----+--------+

Top non-repeatable levels by time:
     D:9: 3053 daAuts
  Lair:6: 2778 daAuts
  Lair:2: 2394 daAuts
    D:10: 1981 daAuts
     D:4: 1922 daAuts
     D:7: 1879 daAuts
  Lair:1: 1870 daAuts
     D:8: 1864 daAuts
     D:5: 1851 daAuts
  Lair:3: 1806 daAuts
  Lair:5: 1802 daAuts
  Lair:4: 1676 daAuts
    D:11: 1635 daAuts
     D:6: 1601 daAuts
     D:1: 1540 daAuts
